Map: Sequencer LE

Players

Snute

  • Race: Zerg Zerg
  • Spawn Location: 1:00

PtitDrogo - Winner!

  • Race: Protoss Protoss
  • Spawn Location: 7:00

Event: WCS Valencia 2017

VOD

Have the link to the VOD?

Description

Time

  • Played on: July 13, 2017, 10:49 a.m.
  • Length: 12:20

All games in this series

Show
View Real Time Build Order
Export as new Build Order

Snute Zerg 

Build Orders: Hatch First, Lurkers, Muta Ling Bane 

Get SALT Encoding   

  12  0:00  Drone  
  13  0:13  Overlord  
  13  0:17  Drone  
  14  0:31  Drone x2  
  14  0:35  Drone  
  17  0:51  Hatchery  
  17  0:54  Drone  
  17  0:58  Drone  
  17  1:00  Extractor  
  17  1:13  Spawning Pool  
  17  1:17  Drone  
  17  1:20  Drone  
  18  1:28  Drone  
  19  1:39  Overlord  
  19  1:50  Drone  
  20  2:00  Queen, Metabolic Boost  
  22  2:03  Queen  
  22  2:07  Zergling x2  
  25  2:11  Zergling x2  
  27  2:15  Drone  
  27  2:17  Drone  
  28  2:23  Drone  
  28  2:25  Drone  
  30  2:32  Drone  
  30  2:36  Drone  
  32  2:40  Pneumatized Carapace  
  32  2:47  Zergling x2  
  32  2:49  Overlord  
  33  2:58  Hatchery  
  32  3:02  Zergling x2  
  32  3:04  Overlord  
  33  3:08  Drone x2  
  33  3:12  Spore Crawler  
  34  3:16  Drone x3  
  34  3:19  Drone  
  39  3:20  Drone  
  39  3:23  Drone  
  39  3:24  Drone  
  42  3:28  Drone  
  42  3:29  Drone  
  42  3:33  Queen  
  45  3:41  Spore Crawler  
  45  3:43  Spore Crawler  
  45  3:44  Drone  
  45  3:45  Evolution Chamber  
  45  3:47  Drone  
  45  3:48  Drone  
  45  3:51  Overlord  
  45  3:56  Drone x2  
  45  3:59  Drone  
  45  4:00  Drone  
  45  4:01  Drone  
  50  4:05  Zergling x2  
  50  4:07  Overlord  
  51  4:10  Zerg Melee Weapons Level 1  
  51  4:17  Zergling x4  
  53  4:19  Drone x2  
  55  4:26  Drone x5  
  55  4:27  Drone  
  55  4:28  Drone  
  55  4:30  Drone  
  63  4:33  Drone x2  
  63  4:35  Drone  
  65  4:39  Drone  
  65  4:43  Spore Crawler, Drone  
  66  4:48  Lair  
  66  4:50  Drone  
  66  4:51  Extractor  
  66  4:52  Extractor, Drone  
  67  4:53  Extractor, Drone  
  67  4:54  Extractor  
  67  4:59  Zergling x4  
  65  5:08  Drone  
  65  5:09  Drone x5  
  65  5:13  Drone x2  
  73  5:16  Baneling Nest  
  73  5:18  Drone  
  73  5:19  Overlord  
  73  5:27  Overlord x2  
  73  5:28  Overlord  
  73  5:34  Overlord x2  
  73  5:35  Overlord  
  73  5:47  Drone x2  
  73  5:48  Drone x4  
  79  5:50  Drone  
  80  5:58  Hatchery  
  80  5:59  Centrifical Hooks  
  80  6:02  Spire  
  80  6:03  Drone  
  79  6:05  Extractor  
  79  6:07  Hydralisk Den  
  79  6:09  Zerg Melee Weapons Level 2  
  77  6:16  Hatchery  
  77  6:17  Drone  
  75  6:21  Drone x2  
  75  6:23  Drone  
  75  6:24  Drone x3  
  81  6:31  Overlord  
  81  6:38  Muscular Augments  
  80  6:41  Zergling x18  
  89  6:49  Queen  
  88  7:10  Hydralisk x7  
  88  7:14  Mutalisk x5  
  104  7:20  Zergling x2  
  97  7:23  Zergling x4  
  97  7:25  Zergling x2  
  97  7:26  Zergling x4  
  96  7:31  Zergling x4  
  96  7:34  Hydralisk x4  
  104  7:44  Hydralisk x3  
  94  7:50  Zergling x6  
  95  7:56  Zergling x6  
  89  7:59  Zergling x4  
  86  8:06  Drone x3  
  86  8:07  Drone  
  84  8:13  Drone x3  
  84  8:19  Drone  
  88  8:20  Drone x4  
  88  8:22  Drone  
  88  8:25  Zerg Flyer Weapons Level 1, Drone  
  93  8:39  Drone x2  
  93  8:40  Drone  
  96  8:44  Lurker Den  
  96  8:49  Hatchery, Drone x4  
  96  8:54  Hydralisk x2  
  100  9:01  Hydralisk x2  
  100  9:08  Hydralisk  
  100  9:09  Hydralisk x3  
  108  9:12  Zerg Missile Weapons Level 1  
  108  9:16  Hydralisk x2  
  112  9:18  Overlord  
  111  9:26  Overlord x2  
  110  9:34  Overlord  
  108  9:41  Zergling x6  
  108  9:42  Zergling x18  
  120  9:48  Overseer  
  119  9:56  Hydralisk  
  119  9:57  Hydralisk x7  
  134  10:05  Hydralisk x3  
  137  10:25  Lurker  
  137  10:26  Lurker x6  
  144  10:30  Hatchery  
  139  10:37  Zergling x8  
  139  10:38  Zergling x16  
  151  10:47  Overlord  
  151  10:50  Baneling x6  
  151  10:51  Baneling x12  
  151  10:55  Overlord  
  151  10:56  Overlord  
  143  11:08  Zergling x12  
  147  11:20  Hydralisk x3  
  147  11:21  Hydralisk x4  
  122  11:28  Hydralisk  
  112  11:35  Hydralisk  
  112  11:36  Hydralisk x2  
  110  11:40  Hydralisk  
  110  11:42  Overseer x2  
  110  11:45  Hydralisk x3  
  112  11:49  Zergling x4  
  112  11:53  Hydralisk x2  
  118  11:58  Zergling x4  
  118  12:03  Zergling x2  
Show
View Real Time Build Order
Export as new Build Order

PtitDrogo Protoss - Winner!

Build Orders: 1 Gate Expand, Oracle Opening 

Get SALT Encoding   

  12  0:01  Probe (Chrono Boost)  
  13  0:11  Probe (Chrono Boost)  
  14  0:18  Pylon  
  14  0:22  Probe (Chrono Boost)  
  15  0:36  Probe (Chrono Boost)  
  15  0:40  Gateway  
  16  0:47  Probe (Chrono Boost)  
  16  0:48  Assimilator  
  17  0:57  Probe (Chrono Boost)  
  18  1:08  Probe (Chrono Boost)  
  19  1:20  Nexus  
  19  1:24  Probe (Chrono Boost)  
  20  1:33  Cybernetics Core  
  20  1:36  Probe (Chrono Boost)  
  21  1:41  Assimilator  
  21  1:47  Probe (Chrono Boost)  
  21  1:52  Pylon  
  22  1:58  Probe (Chrono Boost)  
  23  2:10  Probe (Chrono Boost), Adept (Chrono Boost)  
  26  2:22  Probe, Stargate  
  27  2:31  Probe  
  27  2:34  Probe, Warp Gate  
  31  2:37  Adept (Chrono Boost)  
  31  2:41  Probe  
  32  2:46  Probe  
  33  2:52  Probe  
  35  2:58  Probe  
  35  3:00  Adept (Chrono Boost)  
  35  3:02  Probe  
  38  3:10  Pylon, Probe  
  39  3:13  Probe  
  39  3:15  Oracle (Chrono Boost)  
  43  3:21  Pylon  
  43  3:22  Probe  
  44  3:27  Probe  
  45  3:34  Probe  
  45  3:37  Probe  
  47  3:43  Nexus  
  47  3:46  Pylon  
  47  3:48  Probe  
  48  3:52  Oracle (Chrono Boost)  
  48  3:53  Mothership Core  
  53  4:00  Probe  
  54  4:10  Gateway  
  54  4:11  Gateway  
  54  4:12  Probe x2  
  56  4:19  Assimilator  
  56  4:21  Assimilator  
  56  4:23  Probe  
  56  4:24  Probe  
  58  4:33  Probe  
  58  4:36  Probe  
  60  4:38  Twilight Council  
  60  4:39  Forge, Phoenix (Chrono Boost)  
  60  4:44  Probe  
  62  4:48  Probe  
  64  4:55  Probe  
  64  4:56  Probe  
  66  5:00  Pylon, Probe  
  66  5:04  Robotics Facility  
  66  5:05  Probe  
  68  5:07  Charge, Probe  
  68  5:11  Protoss Ground Weapons Level 1 (Chrono Boost)  
  68  5:13  Probe  
  70  5:17  Probe  
  70  5:18  Probe  
  72  5:25  Probe  
  72  5:27  Pylon  
  72  5:28  Probe, Sentry  
  75  5:29  Probe, Pylon  
  75  5:31  Pylon  
  77  5:37  Probe  
  77  5:39  Probe  
  77  5:41  Probe  
  80  5:43  Gateway  
  80  5:44  Gateway  
  80  5:49  Probe  
  81  5:50  Probe  
  81  5:51  Gateway  
  81  5:52  Gateway  
  81  5:53  Probe  
  83  5:58  Gateway, Warp Prism (Chrono Boost)  
  85  6:04  Assimilator  
  85  6:05  Sentry x2, Assimilator  
  85  6:10  Pylon, Templar Archives  
  85  6:11  Probe x2  
  91  6:24  Probe  
  91  6:25  Pylon  
  92  6:26  Probe  
  92  6:30  Warp Prism (Chrono Boost)  
  92  6:31  Photon Cannon  
  92  6:32  Pylon  
  95  6:37  Pylon  
  95  6:45  Probe  
  95  6:46  Photon Cannon  
  96  6:49  Pylon  
  96  6:53  Psionic Storm  
  96  6:58  Zealot x8  
  112  7:08  Protoss Ground Weapons Level 2  
  112  7:21  Immortal (Chrono Boost)  
  109  7:23  Zealot x8  
  109  7:27  Probe  
  109  7:28  Phoenix (Chrono Boost)  
  132  7:35  Stargate  
  132  7:42  Nexus  
  132  7:43  Pylon  
  128  7:50  Probe  
  125  7:54  High Templar x4  
  125  7:56  High Templar  
  125  7:57  Zealot, High Templar x2  
  129  8:01  Archon  
  121  8:09  Phoenix (Chrono Boost)  
  117  8:12  Photon Cannon  
  117  8:16  Assimilator  
  117  8:20  Immortal  
  117  8:23  Gateway  
  117  8:24  Photon Cannon, Gateway  
  117  8:25  Photon Cannon  
  121  8:30  Zealot x3, High Templar x2  
  121  8:31  Zealot  
  133  8:39  Archon  
  133  8:55  Immortal  
  137  9:04  Gateway  
  137  9:05  Gateway  
  137  9:08  Gateway, High Templar x2  
  137  9:09  Fleet Beacon  
  141  9:14  High Templar x2  
  141  9:15  Zealot x4  
  153  9:25  Zealot x2  
  157  9:36  Immortal  
  157  9:37  Zealot x3  
  161  9:39  Zealot  
  161  9:45  Pylon  
  167  9:48  Zealot x2  
  171  9:54  Nexus  
  171  9:56  Pylon  
  175  10:13  Archon  
  175  10:14  Archon  
  175  10:17  High Templar x4  
  175  10:18  Zealot x4  
  175  10:20  Immortal  
  175  10:22  Archon x2  
  177  10:38  Photon Cannon  
  177  10:39  Photon Cannon  
  177  10:42  Photon Cannon  
  177  10:44  Photon Cannon  
  177  10:45  High Templar x2  
  177  10:46  Zealot x5  
  177  10:47  Assimilator  
  191  10:53  Archon  
  190  11:09  High Templar x4  
  190  11:10  Zealot  
  200  11:13  Archon x2  
  158  11:32  Zealot x9  
  148  11:41  Probe  
  148  11:43  Probe x3  
  152  11:52  Probe  
  153  11:54  Photon Cannon  
  153  11:55  Probe x3  
  153  11:56  Photon Cannon  
  156  12:07  Probe  
  139  12:09  Zealot x2  
  139  12:10  Zealot x7  
Tags
 
Add a new tag
Caveats
  • Supply blocks, unpowered buildings, or Contaminate may cause inaccurate times.
  • Supply counts are checked every 10 seconds.